 Dungeon Crawl Stone Soup version 0.30-a0-140-gd1020e658a (webtiles) character file.

Game seed: 294957702187311880

536 lunkers the Basher (level 7, 0/85 HPs)
             Began as a Meteoran Berserker on Sept 25, 2022.
             Was a Follower of Trog.
             Slain by a hornet (3 damage)
             ... on level 5 of the Dungeon.
             The game lasted 00:03:29 (991 turns).

lunkers the Basher (Meteoran Berserker)              Turns: 991, Time: 00:03:30

Health: 0/85       AC: 11    Str: 21    XL:     7   Next: 80%
Magic:  8/8        EV:  8    Int:  9    God:    Trog [*.....]
Gold:   159        SH:  0    Dex: 13    Spells: 6/6 levels left

rFire   . . .      SeeInvis .    a - +0 mace
rCold   . . .      Faith    .    (no shield)
rNeg    + . .      Spirit   .    o - +3 chain mail "Hotaprul" {rN+}
rPois   .          Reflect  .    (no helmet)
rElec   .          Harm     .    (no cloak)
rCorr   +          Rampage  .    (no gloves)
Will    .....                    (no boots)
Stlth   ..........               (no amulet)
HPRegen 0.24/turn                g - ring of resist corrosion
MPRegen 0.11/turn                (no ring)

@: berserking, lethally poisoned (0 -> -7), slowed, glowing
A: sense surroundings 1, otherworldly, glowing, explore regen
a: Renounce Religion, Berserk


You were on level 5 of the Dungeon.
You worshipped Trog.
Trog was aware of your devotion.
You visited 1 branch of the dungeon, and saw 5 of its levels.

You collected 159 gold pieces.

Inventory:

Hand Weapons
 a - a +0 mace (weapon)
Missiles
 c - 25 stones (quivered)
 e - 4 poisoned darts
Armour
 h - a +0 scale mail
 o - the +3 chain mail "Hotaprul" (worn) {rN+}
   (You found it on level 4 of the Dungeon)

   rN:        It protects you from negative energy.
Jewellery
 g - a ring of resist corrosion (left hand)
Wands
 j - a wand of light (4)
 k - a wand of digging (4)
 n - a wand of polymorph (10)
Scrolls
 b - a scroll of teleportation
Potions
 d - 2 potions of flight {unknown}
 f - a potion of might {unknown}
 i - a potion of haste {unknown}
 m - 2 potions of heal wounds


   Skills:
 - Level 3.2 Fighting
 * Level 10.6 Maces & Flails
 - Level 2.4 Armour
 - Level 2.4 Dodging


You had 6 spell levels left.
You didn't know any spells.
Your spell library was empty.

Dungeon Overview and Level Annotations

Branches:
Dungeon (5/15) Zot: 1985
 Temple: D:4-7

Altars:
Fedhas


Innate Abilities, Weirdness & Mutations

You passively map a small area around you.
You are easily found by Zot.
You glow in the dark.
You regain HP and MP as you explore.


Message History

You kill the iguana!
Trog accepts your kill.
A hornet comes into view.
The hornet closely misses you.
You miss the hornet. The hornet barely misses you.
You hit the hornet but do no damage. The hornet stings you.
You are poisoned.
You suddenly lose the ability to move!
You feel very sick. The hornet stings you.
* * * LOW HITPOINT WARNING * * *
You are more poisoned.
You feel yourself slow down. The hornet stings you.
* * * LOW HITPOINT WARNING * * *
You feel as though you will be slow longer.
You can move again.
Unknown command.
Unknown command.
Unknown command.
A red film seems to cover your vision as you go berserk!
You feel yourself moving faster!
You feel mighty!
You feel very sick. The hornet stings you!
* * * LOW HITPOINT WARNING * * *
You feel as though you will be slow longer.
The hornet stings you!
* * * LOW HITPOINT WARNING * * *
You feel as though you will be slow longer.
You barely miss the hornet.
You feel very sick. The hornet stings you!
* * * LOW HITPOINT WARNING * * *
You feel as though you will be slow longer.
You hit the hornet.
The hornet is lightly wounded.
* * * LOW HITPOINT WARNING * * *
You feel sick.
The hornet stings you but does no damage.
The hornet stings you.
You die...

* * *.# ###.# * ,,*
,.# #...# .#.#.#. ,
.##.#.# .#...#. ,
.#.#.# ,...... ,
#..#.# * #..##. ,
#..#.# #..##. *
##..#.#######..##.
#@.............##. *
,
*#y##.#.............
..# #.#..######.....
#.#., ..#..#
######.. ..,.
,....... ....<....
## #.
#################. #
#. , #. * #.


You could see a hornet.

Vanquished Creatures
  The ghost of Girdio the Covered, an amateur HuFi (D:4)
  A black bear (D:4)
  A centaur (D:5)
  A howler monkey (D:5)
  2 centaur skeletons (D:4)
  An iguana (D:5)
  Ijyb (D:4)
  A dart slug (D:1)
  An orc (D:3)
  3 endoplasms
  2 giant cockroaches
  A goblin (D:3)
  A bat (D:2)
  A frilled lizard (D:1)
  A kobold (D:4)
  A rat (D:1)
20 creatures vanquished.

Notes
Turn   | Place    | Note
-------+----------+-------------------------------------------
     0 | D:1      | lunkers the Meteoran Berserker began the quest for the Orb.
     0 | D:1      | Reached XP level 1. HP: 19/19 MP: 2/2
    46 | D:1      | Reached XP level 2. HP: 21/26 MP: 3/3
   198 | D:3      | Found a blossoming altar of Fedhas.
   442 | D:4      | Found a runed translucent gate.
   442 | D:4      | Found a runed translucent gate.
   442 | D:4      | Found a runed translucent gate.
   449 | D:4      | Noticed Girdio's ghost (amateur HuFi)
   461 | D:4      | Reached skill level 5 in Maces & Flails
   482 | D:4      | Noticed Ijyb
   508 | D:4      | Killed Ijyb
   509 | D:4      | Reached XP level 3. HP: 31/31 MP: 4/4
   559 | D:4      | Identified the +3 chain mail "Hotaprul" {rN+}
   605 | D:2      | Reached XP level 4. HP: 38/38 MP: 5/5
   667 | D:4      | Noticed a black bear
   680 | D:4      | Killed a black bear
   681 | D:4      | Reached skill level 7 in Maces & Flails
   681 | D:4      | Reached XP level 5. HP: 43/45 MP: 6/6
   728 | D:5      | Entered Level 5 of the Dungeon
   769 | D:5      | Reached skill level 8 in Maces & Flails
   769 | D:5      | Reached XP level 6. HP: 40/51 MP: 7/7
   873 | D:4      | Killed Girdio's ghost
   874 | D:4      | Reached skill level 9 in Maces & Flails
   874 | D:4      | Reached XP level 7. HP: 46/57 MP: 8/8
   878 | D:4      | Reached skill level 10 in Maces & Flails
   984 | D:5      | Noticed a hornet
   987 | D:5      | Paralysed by a hornet for 1 turns
   991 | D:5      | HP: 3/85 [poisoned by a hornet]
   991 | D:5      | Slain by a hornet

Illustrated notes

Levels and vault maps discovered:
D:1:      minmay_arrival_diagonal_passages, layout_basic,
          dreamdust_ecumenical_altar_angels_and_demons, minmay_liquid_box,
          minmay_indecisive_spiral
D:2:      layout_loops_corners
D:3:      layout_loops_ring, fedhas_altar_2
D:4:      layout_basic, gammafunk_temple_overflow_pools,
          amethyst_overflow_temple_binary, gammafunk_ghost_necromancy, uniq_ijyb
D:5:      layout_loops_ring, mainiacjoe_overflow_concentric_impassable,
          led_sif_book

Skill      XL: |  1  2  3  4  5  6  7 |
---------------+----------------------+-----
Maces & Flails | 5 7 8 9 10 | 10.6
Fighting       | |  3.2
Armour         | |  2.4
Dodging        | |  2.4

Action                   |  1- 3 |  4- 6 |  7- 9 || total
-------------------------+-------+-------+-------++-------
Melee: Mace              |    27 |    36 |    20 ||    83
       Unarmed           |    11 |       |       ||    11
       Punch             |     1 |     1 |     1 ||     3
Throw: Stone             |     5 |       |       ||     5
Invok: Berserk           |       |     2 |     1 ||     3
  Use: Scroll            |     3 |       |       ||     3
 Stab: Confused          |     2 |       |       ||     2
Armor: Animal skin       |     4 |       |       ||     4
       Skin              |     1 |       |       ||     1
       Chain mail        |     1 |    27 |    17 ||    45
Dodge: Dodged            |     9 |    16 |     7 ||    32

Table legend: (Time is in decaauts)
 A = Elapsed time spent in this place.
 B = Non-inter-level travel time spent in this place.
 C = Inter-level travel time spent in this place.
 D = Time resting spent in this place.
 E = Time spent auto-exploring this place.
 F = Levels seen in this place.
 G = Mean time per level.
                   A        B        C        D        E       F      G
               +--------+--------+--------+--------+--------+-----+--------+
         Total |   1013 |    948 |     65 |      0 |    321 |   5 |  202.6 |
       Dungeon |   1013 |    948 |     65 |      0 |    321 |   5 |  202.6 |
               +--------+--------+--------+--------+--------+-----+--------+

Top non-repeatable levels by time:
     D:4: 380 daAuts
     D:3: 302 daAuts
     D:5: 149 daAuts
     D:1: 103 daAuts
     D:2: 78 daAuts
